PL
CHICAGO SILVER SOX @ HOLLYWOOD SHREDDERS
09/05/2041
 
TOP OF THE 1ST
Chicago Silver Sox batting - Pitching for Hollywood Shredders : LHP Binjimen Victor
Pitching: LHP Binjimen Victor
Batting: RHB Víctor Cuevas 0-0: Called Strike
0-1: Called Strike
0-2: Strikes out swinging
Batting: RHB Dejmi Dumervil 0-0: Called Strike
0-1: Ball
1-1: Swinging Strike
1-2: Strikes out looking
Batting: RHB Amon-Ra St. Brown 0-0: Ball
1-0: Foul Ball, location: 2F
1-1: Foul Ball, location: 2F
1-2: Ball
2-2: Ground out 6-3 (Groundball, 6, EV 85.0 MPH)
Top of the 1st over - 0 runs, 0 hits, 0 errors, 0 left on base; Chicago 0 - Hollywood 0
BOTTOM OF THE 1ST
Hollywood Shredders batting - Pitching for Chicago Silver Sox : RHP Lewis Carter
Pitching: RHP Lewis Carter
Batting: LHB Gilberto Ocasio 0-0: Ball
1-0: SINGLE (Flyball, 89S, EV 89.4 MPH)
Batting: LHB Kanko Umaba 0-0: Called Strike
0-1: Ball
1-1: Ball
2-1: Swinging Strike
2-2: Strikes out swinging
Batting: RHB Richard Trevithick 0-0: Called Strike
0-1: Ball
1-1: Fly out, F9 (Flyball, 89D, EV 89.4 MPH)
Batting: LHB Dewitt Hopper 0-0: Ball
1-0: Ground out 4-3 (Groundball, 4, EV 80.6 MPH)
Bottom of the 1st over - 0 runs, 1 hit, 0 errors, 1 left on base; Chicago 0 - Hollywood 0
TOP OF THE 2ND
Chicago Silver Sox batting - Pitching for Hollywood Shredders : LHP Binjimen Victor
Batting: RHB Jesús Vargas 0-0: Called Strike
0-1: Ball
1-1: Foul Ball, location: 2F
1-2: Fly out, F8 (Flyball, 89D, EV 95.0 MPH)
Batting: RHB Fortunato Rasquinha 0-0: Called Strike
0-1: Fly out, F8 (Flyball, 8RS, EV 80.0 MPH)
Batting: SHB Ray Carey 0-0: Called Strike
0-1: Called Strike
0-2: Strikes out swinging
Top of the 2nd over - 0 runs, 0 hits, 0 errors, 0 left on base; Chicago 0 - Hollywood 0
BOTTOM OF THE 2ND
Hollywood Shredders batting - Pitching for Chicago Silver Sox : RHP Lewis Carter
Batting: LHB Johan Kroening 0-0: Foul Ball, location: 2F
0-1: Swinging Strike
0-2: Ball
1-2: Strikes out swinging
Batting: RHB Sayed Walid 0-0: Fly out, F5 (Line Drive, 5, EV 71.9 MPH)
Batting: RHB Takeshi Kovacs 0-0: Ball
1-0: Ball
2-0: Called Strike
2-1: Ball
3-1: Swinging Strike
3-2: Foul Ball, location: 2F
3-2: Fly out, F8 (Flyball, 89M, EV 90.6 MPH)
Bottom of the 2nd over - 0 runs, 0 hits, 0 errors, 0 left on base; Chicago 0 - Hollywood 0
TOP OF THE 3RD
Chicago Silver Sox batting - Pitching for Hollywood Shredders : LHP Binjimen Victor
Pitching: LHP Nobuhito Tanaka
Batting: RHB Manuel Ramos 0-0: Ground out 5-3 (Groundball, 56S, EV 66.9 MPH)
Batting: LHB Jack McCusker 0-0: Called Strike
0-1: Foul Ball, location: 2F
0-2: Ground out 4-3 (Groundball, 4, EV 108.8 MPH)
Batting: RHB Estanislao Hirigoyen 0-0: Called Strike
0-1: Ball
1-1: Ball
2-1: Foul Ball, location: 2F
2-2: Strikes out looking
Top of the 3rd over - 0 runs, 0 hits, 0 errors, 0 left on base; Chicago 0 - Hollywood 0
BOTTOM OF THE 3RD
Hollywood Shredders batting - Pitching for Chicago Silver Sox : RHP Lewis Carter
Batting: RHB Nigel Sturges 0-0: Called Strike
0-1: Ball
1-1: Swinging Strike
1-2: Ball
2-2: Ball
3-2: Fly out, F9 (Flyball, 9LS, EV 75.6 MPH)
Batting: RHB Joshua Cadaval 0-0: Foul Ball, location: 2F
0-1: Swinging Strike
0-2: Strikes out looking
Batting: LHB Gilberto Ocasio 0-0: Called Strike
0-1: Ball
1-1: Ball
2-1: Fly out, F9 (Flyball, 89S, EV 81.2 MPH)
Bottom of the 3rd over - 0 runs, 0 hits, 0 errors, 0 left on base; Chicago 0 - Hollywood 0
TOP OF THE 4TH
Chicago Silver Sox batting - Pitching for Hollywood Shredders : LHP Nobuhito Tanaka
Batting: RHB Víctor Cuevas 0-0: Ball
1-0: Ball
2-0: Called Strike
2-1: Called Strike
2-2: Ground out 5-3 (Groundball, 56, EV 92.5 MPH)
Batting: RHB Dejmi Dumervil 0-0: Called Strike
0-1: Foul Ball, location: 2F
0-2: Ball
1-2: Ball
2-2: Strikes out swinging
Batting: RHB Amon-Ra St. Brown 0-0: Ball
1-0: SINGLE (Line Drive, 34, EV 96.9 MPH)
Batting: RHB Jesús Vargas 0-0: Ball
1-0: Called Strike
1-1: Ball
2-1: Ground out 3-1 (Groundball, 34S, EV 70.6 MPH)
Top of the 4th over - 0 runs, 1 hit, 0 errors, 1 left on base; Chicago 0 - Hollywood 0
BOTTOM OF THE 4TH
Hollywood Shredders batting - Pitching for Chicago Silver Sox : RHP Lewis Carter
Batting: LHB Kanko Umaba 0-0: Ball
1-0: Foul Ball, location: 2F
1-1: Fly out, F5 (Flyball, 5D, EV 90.0 MPH)
Batting: RHB Richard Trevithick 0-0: Ball
1-0: Ball
2-0: Foul Ball, location: 2F
2-1: Ground out 5-3 (Groundball, 56, EV 85.0 MPH)
Batting: LHB Dewitt Hopper 0-0: Ball
1-0: Ball
2-0: Called Strike
2-1: Ball
3-1: Foul Ball, location: 2F
3-2: Foul Ball, location: 2F
3-2: Foul Ball, location: 2F
3-2: Foul Ball, location: 2F
3-2: Base on Balls
Batting: LHB Johan Kroening 0-0: Called Strike
0-1: Ball
1-1: Called Strike
1-2: Foul Ball, location: 2F
1-2: Foul Ball, location: 2F
1-2: Ball
2-2: Strikes out swinging
Bottom of the 4th over - 0 runs, 0 hits, 0 errors, 1 left on base; Chicago 0 - Hollywood 0
TOP OF THE 5TH
Chicago Silver Sox batting - Pitching for Hollywood Shredders : LHP Nobuhito Tanaka
Batting: RHB Fortunato Rasquinha 0-0: Called Strike
0-1: Called Strike
0-2: Fly out, F4 (Popup, 4, EV 66.2 MPH)
Batting: SHB Ray Carey 0-0: Ball
1-0: Ball
2-0: Ball
3-0: Called Strike
3-1: Ground out 6-3 (Groundball, 6, EV 110.6 MPH)
Batting: RHB Manuel Ramos 0-0: Called Strike
0-1: Ball
1-1: DOUBLE (Line Drive, 89D, EV 104.4 MPH)
Pinch Runner at 2nd Larry McLambroch:
Batting: LHB Jack McCusker 0-0: Foul Ball, location: 2F
0-1: Ground out 6-3 (Groundball, 4M, EV 105.0 MPH)
Top of the 5th over - 0 runs, 1 hit, 0 errors, 1 left on base; Chicago 0 - Hollywood 0
BOTTOM OF THE 5TH
Hollywood Shredders batting - Pitching for Chicago Silver Sox : RHP Lewis Carter
Now at 3B: Larry McLambroch
Batting: RHB Sayed Walid 0-0: Ball
1-0: Swinging Strike
1-1: Ball
2-1: Called Strike
2-2: Strikes out looking
Batting: RHB Takeshi Kovacs 0-0: Called Strike
0-1: Ball
1-1: Called Strike
1-2: Ground out 1-3 (Groundball, 13S, EV 73.8 MPH)
Batting: RHB Nigel Sturges 0-0: Foul Ball, location: 2F
0-1: Ball
1-1: Foul Ball, location: 2F
1-2: Ball
2-2: Ball
3-2: Base on Balls
Batting: RHB Joshua Cadaval 0-0: Ball
1-0: Fly out, F6 (Popup, 6MS, EV 65.0 MPH)
Bottom of the 5th over - 0 runs, 0 hits, 0 errors, 1 left on base; Chicago 0 - Hollywood 0
TOP OF THE 6TH
Chicago Silver Sox batting - Pitching for Hollywood Shredders : LHP Nobuhito Tanaka
Batting: RHB Estanislao Hirigoyen 0-0: Ball
1-0: Ball
2-0: TRIPLE (Flyball, 7D, EV 90.6 MPH)
Batting: RHB Víctor Cuevas 0-0: Ball
1-0: Called Strike
1-1: Ball
2-1: Swinging Strike
2-2: Strikes out swinging
Batting: RHB Dejmi Dumervil 0-0: Swinging Strike
0-1: Foul Ball, location: 2F
0-2: SINGLE (Groundball, 5L, EV 105.0 MPH)
Estanislao Hirigoyen scores
Batting: RHB Amon-Ra St. Brown 0-0: Swinging Strike
0-1: SINGLE (Groundball, 15S, EV 71.9 MPH) (infield hit)
Dejmi Dumervil to second
Batting: RHB Jesús Vargas 0-0: Ball
1-0: Foul Ball, location: 2F
1-1: Ball
2-1: Foul Ball, location: 2F
2-2: Ball
3-2: SINGLE (Line Drive, 7S, EV 88.8 MPH)
Dejmi Dumervil to third
Amon-Ra St. Brown to second
Runner from 3rd tries for Home, SAFE, throw by LF to home
Batting: RHB Fortunato Rasquinha 0-0: Ball
1-0: Ball
2-0: Ball
3-0: Called Strike
3-1: Called Strike
3-2: Grounds into double play, 4-6-3 (Groundball, 4, EV 86.2 MPH)
Top of the 6th over - 2 runs, 4 hits, 0 errors, 1 left on base; Chicago 2 - Hollywood 0
BOTTOM OF THE 6TH
Hollywood Shredders batting - Pitching for Chicago Silver Sox : RHP Lewis Carter
Batting: LHB Gilberto Ocasio 0-0: Called Strike
0-1: Fly out, F9 (Flyball, 9LS, EV 86.9 MPH)
Batting: LHB Kanko Umaba 0-0: Called Strike
0-1: SOLO HOME RUN (Flyball, 89XD, EV 106.9 MPH), Distance : 422 ft
Batting: RHB Richard Trevithick 0-0: Called Strike
0-1: SOLO HOME RUN (Flyball, 7LD, EV 106.9 MPH), Distance : 347 ft
Batting: LHB Dewitt Hopper 0-0: Ball
1-0: Foul Ball, location: 2F
1-1: Ball
2-1: Foul Ball, location: 2F
2-2: Fly out, F7 (Flyball, 7S, EV 95.0 MPH)
Batting: LHB Johan Kroening 0-0: Called Strike
0-1: SINGLE (Groundball, 6D, EV 110.6 MPH)
Batting: RHB Sayed Walid 0-0: Called Strike
0-1: Ball
1-1: Ball
2-1: Fielders Choice at 2nd, 5-4 (Groundball, 56, EV 100.0 MPH)
Bottom of the 6th over - 2 runs, 3 hits, 0 errors, 1 left on base; Chicago 2 - Hollywood 2
TOP OF THE 7TH
Chicago Silver Sox batting - Pitching for Hollywood Shredders : LHP Nobuhito Tanaka
Batting: SHB Ray Carey 0-0: Ball
1-0: Called Strike
1-1: Ground out 6-3 (Groundball, 6, EV 81.9 MPH)
Batting: LHB Larry McLambroch 0-0: Ball
1-0: Ground out 5-3 (Groundball, 56, EV 79.4 MPH)
Batting: LHB Jack McCusker 0-0: Called Strike
0-1: Ball
1-1: Called Strike
1-2: Ball
2-2: Foul Ball, location: 2F
2-2: Strikes out swinging
Top of the 7th over - 0 runs, 0 hits, 0 errors, 0 left on base; Chicago 2 - Hollywood 2
BOTTOM OF THE 7TH
Hollywood Shredders batting - Pitching for Chicago Silver Sox : RHP Lewis Carter
Batting: RHB Takeshi Kovacs 0-0: Ball
1-0: Ball
2-0: Called Strike
2-1: Foul Ball, location: 2F
2-2: Strikes out swinging
Batting: RHB Nigel Sturges 0-0: Foul Ball, location: 2F
0-1: Ground out U3 (Groundball, 34, EV 82.5 MPH)
Batting: RHB Joshua Cadaval 0-0: Ball
1-0: Fly out, F9 (Flyball, 9S, EV 85.6 MPH)
Bottom of the 7th over - 0 runs, 0 hits, 0 errors, 0 left on base; Chicago 2 - Hollywood 2
TOP OF THE 8TH
Chicago Silver Sox batting - Pitching for Hollywood Shredders : LHP Nobuhito Tanaka
Batting: RHB Estanislao Hirigoyen 0-0: Called Strike
0-1: Foul Ball, location: 2F
0-2: Ball
1-2: Foul Ball, location: 2F
1-2: Foul Ball, location: 2F
1-2: Fly out, F7 (Flyball, 78D, EV 101.9 MPH)
Batting: RHB Víctor Cuevas 0-0: Ball
1-0: Foul Ball, location: 2F
1-1: Foul Ball, location: 2F
1-2: Foul Ball, location: 2F
1-2: Hit by Pitch
Pitching: RHP Brantford Winstworth III
Batting: RHB Dejmi Dumervil 0-0: Swinging Strike
0-1: Ball
1-1: Foul Ball, location: 2F
1-2: SINGLE (Groundball, 4MD, EV 100.0 MPH)
Víctor Cuevas to second
Runner from 2nd tries for 3rd, SAFE, throw by CF made to third
Batting: RHB Amon-Ra St. Brown 0-0: Ball
1-0: Foul Ball, location: 2F
1-1: Ball
2-1: Swinging Strike
2-2: Strikes out looking
Batting: RHB Jesús Vargas 0-0: Foul Ball, location: 2F
0-1: Called Strike
0-2: Foul Ball, location: 2F
0-2: Ball
1-2: Ball
2-2: DOUBLE (Flyball, 7D, EV 101.2 MPH)
Víctor Cuevas scores
Dejmi Dumervil to third
Runner from 3rd tries for Home, SAFE, no throw by LF
Batting: RHB Fortunato Rasquinha 0-0: Called Strike
0-1: Ball
1-1: Foul Ball, location: 2F
1-2: Ball
2-2: Ball
3-2: Foul Ball, location: 2F
3-2: Foul Ball, location: 2F
3-2: Strikes out swinging
Top of the 8th over - 2 runs, 2 hits, 0 errors, 1 left on base; Chicago 4 - Hollywood 2
BOTTOM OF THE 8TH
Hollywood Shredders batting - Pitching for Chicago Silver Sox : RHP Lewis Carter
Batting: LHB Gilberto Ocasio 0-0: Ball
1-0: Called Strike
1-1: Ball
2-1: Fly out, F2 (Popup, 2LF, EV 89.4 MPH)
Pitching: RHP Tate Beason
Batting: LHB Kanko Umaba 0-0: Called Strike
0-1: Ball
1-1: Ball
2-1: Ball
3-1: Base on Balls
Batting: RHB Richard Trevithick 0-0: Called Strike
0-1: Ball
1-1: Ball
2-1: SINGLE (Groundball, 6MD, EV 103.1 MPH)
Kanko Umaba to second
Batting: LHB Dewitt Hopper 0-0: Ball
1-0: Ball
2-0: Ball
3-0: Called Strike
3-1: Base on Balls
Kanko Umaba to third
Richard Trevithick to second
Batting: LHB Johan Kroening 0-0: Ball
1-0: Foul Ball, location: 2F
1-1: Ball
2-1: Fly out, F8 (Flyball, 8RD, EV 99.4 MPH)
Runner from 3rd tags up, SCORES, no throw by CF
Pinch Runner at 2nd Rod Shortall:
Batting: RHB Sayed Walid 0-0: Called Strike
0-1: Ball
1-1: Foul Ball, location: 2F
1-2: Ball
2-2: Ball
3-2: Foul Ball, location: 2F
3-2: Ground out 4-3 (Groundball, 4, EV 84.4 MPH)
Bottom of the 8th over - 1 run, 1 hit, 0 errors, 2 left on base; Chicago 4 - Hollywood 3
TOP OF THE 9TH
Chicago Silver Sox batting - Pitching for Hollywood Shredders : RHP Brantford Winstworth III
Pitching: LHP Cullen Taylor
Now at 3B: Rod Shortall
Batting: SHB Ray Carey 0-0: Called Strike
0-1: Ground out 6-3 (Groundball, 6, EV 98.8 MPH)
Batting: LHB Larry McLambroch 0-0: DOUBLE (Line Drive, 9LS, EV 91.9 MPH)
Batting: LHB Jack McCusker 0-0: Ball
1-0: Foul Ball, location: 2F
1-1: Swinging Strike
1-2: Foul Ball, location: 2F
1-2: Strikes out swinging
Batting: RHB Estanislao Hirigoyen 0-0: Foul Ball, location: 2F
0-1: Ball
1-1: Ball
2-1: DOUBLE (Line Drive, 78D, EV 113.1 MPH)
Larry McLambroch scores
Batting: RHB Víctor Cuevas 0-0: Ball
1-0: Ball
2-0: Ground out U3 (Groundball, 34, EV 84.4 MPH)
Top of the 9th over - 1 run, 2 hits, 0 errors, 1 left on base; Chicago 5 - Hollywood 3
BOTTOM OF THE 9TH
Hollywood Shredders batting - Pitching for Chicago Silver Sox : RHP Tate Beason
Pitching: RHP Jeffery Prosser
Batting: RHB Takeshi Kovacs 0-0: Ball
1-0: Ball
2-0: Foul Ball, location: 2F
2-1: Ball
3-1: Base on Balls
Pinch Hitting: SHB Temaki Yuka 0-0: Ball
1-0: Ball
2-0: SINGLE (Line Drive, 4D, EV 94.4 MPH)
Takeshi Kovacs to second
Pinch Hitting: LHB Tim Stinson 0-0: Ball
1-0: Ball
2-0: Fly out, F7 (Flyball, 78M, EV 78.8 MPH)
Batting: LHB Gilberto Ocasio 0-0: Swinging Strike
0-1: Ball
1-1: Swinging Strike
1-2: Foul Ball, location: 2F
1-2: Foul Ball, location: 2F
1-2: Foul Ball, location: 2F
1-2: Strikes out swinging
Batting: LHB Kanko Umaba 0-0: Called Strike
0-1: Ball
1-1: Swinging Strike
1-2: Foul Ball, location: 2F
1-2: Strikes out swinging
Bottom of the 9th over - 0 runs, 1 hit, 0 errors, 2 left on base; Chicago 5 - Hollywood 3
Tuesday, January 5th, 2021 - OOTP Baseball 20.8 Build 74